AoeStats
← Axolot

African Clearing

505133544Analyzed
4v4 RM · 25d ago on Sep 8, 2026· 26m 28s· 8 players
Game mode
Random Map
Map size
Large (8 player)
Population
200
Speed
Normal
Resources
Standard
Victory
Conquest
Starting age
Dark Age
Ending age
Imperial Age
RankedLock teamsTeams togetherTeam positionsShared explorationLock speedFull tech treeHidden civsTurbo modeCheats
Victory
Defeat
🇧🇷 Mongols · Brazil
1599
+11
🇧🇷 Vietnamese · Brazil
1556
+13
🇧🇷 Magyars · Brazil
1483
+16
🇧🇷 Huns · Brazil
1426
+18
🇦🇷 Italians · Argentina
1529
-16
🇦🇷 Japanese · Argentina
1486
-15
🇻🇳 Aztecs · Vietnam
1460
-14
🇨🇳 Magyars · China
1450
-13
SSx_SnowwW
3:00 Loom
14:46 Feudal Age
15:17 Double-Bit Axe
15:19 Town Watch
25:19 Castle Age
24:33 Gold Mining
26:26 Bow Saw
26:44 Horse Collar
GAX | SãoPauloFC
7:14 Loom
11:36 Feudal Age
12:19 Double-Bit Axe
20:26 Castle Age
18:55 Horse Collar
19:49 Fletching
GAX | Schena
5:33 Loom
13:55 Feudal Age
19:30 Castle Age
25:08 Double-Bit Axe
GAX | Nuno
5:15 Loom
12:15 Feudal Age
15:19 Double-Bit Axe
18:35 Castle Age
17:00 Fletching
18:39 Padded Archer Armor
21:10 Bodkin Arrow
23:03 Bow Saw
23:48 Ballistics
Vàng Ai Nấy Đào
4:27 Loom
4:31 Loom
14:18 Feudal Age
15:13 Town Watch
19:45 Wheelbarrow
22:03 Double-Bit Axe
23:27 Horse Collar
25:12 Fletching
28:23 Castle Age
Axolot
7:39 Loom
10:23 Feudal Age
10:53 Double-Bit Axe
13:48 Fishing Lines
22:36 Castle Age
21:30 Fletching
22:46 Stone Mining
24:38 Gillnets
我爱吃小孩
3:33 Loom
12:13 Feudal Age
13:24 Double-Bit Axe
13:32 Horse Collar
21:09 Gold Mining
22:04 Town Watch
24:28 Castle Age
22:47 Scale Barding Armor
24:08 Bloodlines
24:48 Light Cavalry
25:28 Husbandry
Dino_Mate
5:58 Loom
14:32 Feudal Age
18:13 Castle Age
16:02 Double-Bit Axe
16:08 Stone Mining
16:35 Gold Mining
19:04 Bow Saw
19:01 Fletching
23:38 Bodkin Arrow
25:03 Padded Archer Armor
26:47 Ballistics
Connection lost

Rejoining the realm…

Still unreachable

The connection could not be restored.

Session expired

The server has moved on; the page needs a fresh start.